 Dungeon Crawl Stone Soup version 0.31-a0-1082-g7d1fb776a8 (webtiles) character file.

Game seed: 16864975639791154535

73 Dirtsage the Insei (level 4, -5/35 HPs)
             Began as a Demonspawn Monk on Nov 27, 2023.
             Slain by an orc
             ... wielding a +0 flail
              (6 damage)
             ... on level 3 of the Dungeon.
             The game lasted 00:02:18 (1840 turns).

Dirtsage the Insei (Demonspawn Monk)                Turns: 1840, Time: 00:02:19

Health: -5/35      AC:  5    Str: 13    XL:     4   Next: 8%
Magic:  4/4        EV: 11    Int: 12    God:
Gold:   138        SH:  0    Dex: 15    Spells: 3/3 levels left

rFire   . .          .
                       - Unarmed
rCold   . . .        c - orb {light}
rNeg    . . .        d - +0 ring mail
rPois   .            (helmet restricted)
rElec   .            (no cloak)
rCorr   .            (no gloves)
SInv    .            (no boots)
Will    .....        (no amulet)
Stlth   +            (no ring)
HPRegen 0.25/turn    (no ring)
MPRegen 0.09/turn

%: no passive effects
@: glowing
A: antennae 1
a: no special abilities


You were on level 3 of the Dungeon.
You visited 1 branch of the dungeon, and saw 3 of its levels.

You collected 138 gold pieces.

Inventory:

Armour
 a - a +0 robe
 c - an orb of light (worn)
 d - a +0 ring mail (worn)
Magical Staves
 j - a staff of air
Scrolls
 f - a scroll of enchant weapon {unknown}
 g - a scroll of identify {unknown}
 h - a scroll of vulnerability {unknown}
Potions
 b - a potion of ambrosia
 e - 3 potions of curing {unknown}
 i - a potion of cancellation {unknown}


   Skills:
 - Level 3.0 Fighting
 - Level 2.6 Dodging
 * Level 4.5 Unarmed Combat


You had 3 spell levels left.
You didn't know any spells.
Your spell library contained the following spells:

 Spells                   Type           Power      Damage    Failure   Level
 Magic Dart               Conj           0%         1d3       58%         1
 Sandblast                Erth           0%         2d4       58%         1
 Summon Small Mammal      Summ           0%         N/A       58%         1
 Ensorcelled Hibernation  Hex/Ice        0%         N/A       73%         2
 Passwall                 Tmut/Erth      0%         N/A       73%         2
 Searing Ray              Conj           0%         2d4       73%         2
 Call Canine Familiar     Summ           0%         N/A       91%         3
 Stone Arrow              Conj/Erth      0%         3d7       91%         3
 Summon Guardian Golem    Hex/Summ       0%         N/A       91%         3
 Swiftness                Air            0%         N/A       91%         3
 Brom's Barrelling Bould  Conj/Erth      0%         2d3       100%        4
 Fulminant Prism          Conj/Hex       0%         3d5       100%        4


Dungeon Overview and Level Annotations

Branches:
Dungeon (3/15)

Altars:
Ru


Innate Abilities, Weirdness & Mutations

You have a pair of small antennae on your head.


Message History

The orc is severely wounded.
The orc priest casts a cantrip, but nothing happens.
You hit the orc but do no damage.
The orc is severely wounded.
The orc priest miscasts a cantrip.
The orc completely misses you.
You punch the orc!
You kill the orc!
The orc closely misses you.
Things that are here:
a +0 club; a +0 leather armour You barely miss the orc.
The orc is lightly wounded.
The orc priest looks satisfied for a moment.
The orc hits you with a +0 flail.
You take 2 damage, and have 33/35 hp.
You hit the orc.
The orc is severely wounded.
The orc hits you with a +0 flail.
You take 4 damage, and have 29/35 hp.
You hit the orc but do no damage.
The orc is severely wounded.
The orc closely misses you.
You hit the orc but do no damage.
The orc is severely wounded.
The orc closely misses you.
The orc priest mumbles some strange prayers to Beogh against you.
Beogh smites you!
You take 11 damage, and have 18/35 hp.
MASSIVE DAMAGE!!
You hit the orc but do no damage.
The orc is severely wounded.
The orc hits you with a +0 flail.
You take 2 damage, and have 16/35 hp.
You hit the orc but do no damage.
The orc is severely wounded.
The orc priest invokes the aid of Beogh against you.
Beogh smites you!
* * * LOW HITPOINT WARNING * * *
The orc hits you with a +0 flail.
You die...

..# #.# #.# #.# #o# #o#
#o# ####<##.# #@#
###.......####.###
...#.#.#........#
#.........##.#.#
##.#.#.#...##.#.#####
#........#.##...#...###.
###..#.#.#...##.....P.....
.............##...#...###.
#####.#.#....##...#####


You could see an orc priest and 2 orcs.

Vanquished Creatures
  Jessica (D:3)
  2 worms (D:2)
  2 dart slugs
  An orc (D:3)
  2 ball pythons
  4 bats
  4 endoplasms
  3 giant cockroaches
  3 hobgoblins
  2 jackals (D:2)
  2 kobolds
  3 quokkas
  2 frilled lizards
  A rat (D:2)
32 creatures vanquished.

Notes
Turn   | Place    | Note
-------+----------+-------------------------------------------
     0 | D:1      | Dirtsage the Demonspawn Monk began the quest for the Orb.
     0 | D:1      | Reached XP level 1. HP: 18/18 MP: 1/1
   479 | D:1      | Reached skill level 3 in Unarmed Combat
   544 | D:1      | Gained mutation: You have a pair of small antennae on your
                  | head. [demonic ancestry]
   544 | D:1      | Reached XP level 2. HP: 23/24 MP: 2/2
   993 | D:2      | Reached XP level 3. HP: 18/29 MP: 3/3
  1424 | D:2      | Reached skill level 4 in Unarmed Combat
  1472 | D:2      | Found a faded altar of an unknown god.
  1760 | D:3      | Found a sacrificial altar of Ru.
  1806 | D:3      | Noticed Jessica
  1812 | D:3      | Killed Jessica
  1813 | D:3      | Reached XP level 4. HP: 33/35 MP: 4/4
  1840 | D:3      | HP: 1/35 [orc priest/divine providence (15)]
  1840 | D:3      | Slain by an orc

Illustrated notes

Levels and vault maps discovered:
D:1:      zaba_arrival_water, layout_basic
D:2:      layout_rooms, shapermc_ecumenical_altar_flowoftime
D:3:      layout_loops_ring, elyvilon_altar_1, nicolae_ru_awakened_eye,
          serial_glass, glass_columns_a, glass_columns_b, uniq_jessica,
          uniq_ijyb

Skill      XL: |  1  2  3 |
---------------+----------+-----
Unarmed Combat | 3 4 |  4.5
Fighting       | |  3.0
Dodging        | |  2.6

Action                     |  1- 3 |  4- 6 || total
---------------------------+-------+-------++-------
  Melee: Unarmed           |   117 |    12 ||   129
 Armour: Ring mail         |    67 |     5 ||    72
  Dodge: Dodged            |    69 |     5 ||    74

Table legend: (Time is in decaauts)
 A = Elapsed time spent in this place.
 B = Non-inter-level travel time spent in this place.
 C = Inter-level travel time spent in this place.
 D = Time resting spent in this place.
 E = Time spent auto-exploring this place.
 F = Levels seen in this place.
 G = Mean time per level.
                   A        B        C        D        E       F      G
               +--------+--------+--------+--------+--------+-----+--------+
         Total |   1837 |   1802 |     35 |      0 |   1543 |   3 |  612.3 |
       Dungeon |   1837 |   1802 |     35 |      0 |   1543 |   3 |  612.3 |
               +--------+--------+--------+--------+--------+-----+--------+

Top non-repeatable levels by time:
     D:1: 914 daAuts
     D:2: 765 daAuts
     D:3: 157 daAuts
